Inferno vs Harfangs
Created - 18 janvier 2017 at 23:44
Goals
|
| Inferno |
0 |
0 |
0 |
0 |
| Harfangs |
2 |
2 |
3 |
7 |
|
Shots
|
| Inferno |
12 |
15 |
6 |
33 |
| Harfangs |
11 |
10 |
16 |
37 |
|
1st period
1. Harfangs , Brian Lashoff 8 (Roman Wick, Alex Killorn) at 15:01 (PP)
2. Harfangs , Tomas Tatar 20 (Dylan Olsen) at 17:42
Penalties :
Kyle Palmieri (Anc) for Holding (Minor) at 14:17
2nd period
3. Harfangs , Tomas Tatar 21 (Mika Zibanejad, Brenden Kichton) at 6:21
4. Harfangs , Brandon Pirri 19 (Dustin Jeffrey) at 18:50
Penalties :
Jean-Gabriel Pageau (BEA) for Hooking (Minor) at 6:31, Nathan Beaulieu (BEA) for Hooking (Minor) at 19:06
3rd period
5. Harfangs , Brandon Pirri 20 (Dustin Jeffrey, Victor Bartley) at 9:59
6. Harfangs , Dennis Everberg 16 (Alex Killorn, Jean-Gabriel Pageau) at 14:41
7. Harfangs , Jean-Gabriel Pageau 17 (Alex Killorn) at 18:19 (PP)
Penalties :
Victor Bartley (BEA) for Hooking (Minor) at 1:48, Christian Folin (Anc) for Tripping (Minor) at 11:02, Dennis Everberg (BEA) for Roughing (Minor) at 15:01, Matthew Nieto (Anc) for Roughing (Minor) at 18:06
Goalie Stats
Josh Harding (Anc), 30 saves from 37 shots - (0,811), L, 15-8-5, 60:00 minutes
Jeremy Duchesne (BEA), 33 saves from 33 shots - (1,000), W, 14-5-0, 60:00 minutes
Players Stats for Inferno
Player Name G A P +/- PIM S H SB GA TA FO MP PP MP PK MP
------------------------------------------------------------------------------------
Anders Lee 0 0 0 -2 0 2 2 0 0 0 0/1 10:47 0:17 0:21
Beau Bennett 0 0 0 0 0 4 0 0 0 0 0/0 12:54 2:29 0:00
Brendan Mikkelson 0 0 0 -1 0 2 2 1 0 1 0/0 28:41 4:52 2:15
Cal O'Reilly 0 0 0 0 0 1 5 0 2 0 3/6 12:40 0:00 0:00
Christian Folin 0 0 0 -2 2 2 1 0 0 0 1/1 10:19 0:00 0:00
Colby Robak 0 0 0 -3 0 1 3 0 1 2 0/0 21:40 3:04 0:41
David Ullstrom 0 0 0 0 0 2 1 0 0 0 0/1 16:30 3:28 0:00
Derek Peltier 0 0 0 -3 0 0 2 2 1 0 0/0 19:51 3:04 0:41
Kyle Palmieri 0 0 0 0 2 3 1 0 1 0 0/0 9:59 0:39 0:00
Matt Kassian 0 0 0 0 0 1 2 0 0 0 0/0 9:53 0:00 0:09
Matthew Nieto 0 0 0 -2 2 2 1 1 0 0 0/0 10:46 0:00 0:42
Mikhail Grabovski 0 0 0 -3 0 1 2 0 0 0 16/33 22:30 4:28 2:00
Sami Vatanen 0 0 0 -1 0 0 1 1 0 0 0/0 24:37 4:52 0:00
Simon Danis-Pepin 0 0 0 -1 0 4 1 0 0 0 0/0 13:43 0:00 2:15
Stephane Veilleux 0 0 0 -3 0 5 3 1 0 0 0/1 22:24 4:28 1:54
Vladimir Sobotka 0 0 0 0 0 0 2 0 0 0 10/13 17:20 3:28 0:35
Vladimir Zharkov 0 0 0 -3 0 3 2 0 0 1 0/0 20:59 4:31 0:11
Zach Redmond 0 0 0 -1 0 0 1 1 0 0 0/0 11:28 0:00 0:00
Players Stats for Harfangs
Player Name G A P +/- PIM S H SB GA TA FO MP PP MP PK MP
------------------------------------------------------------------------------------
Alex Killorn 0 3 3 1 0 4 0 1 0 0 1/1 21:48 1:33 4:42
Brandon Pirri 2 0 2 2 0 3 3 0 0 1 4/6 12:40 1:23 1:07
Brenden Kichton 0 1 1 2 0 2 0 1 0 0 0/0 15:57 0:00 2:26
Brian Lashoff 1 0 1 2 0 2 1 0 0 1 0/0 25:21 1:56 5:30
Calle Jarnkrok 0 0 0 0 0 1 0 0 1 0 4/6 10:30 0:00 0:00
Dennis Everberg 1 0 1 1 2 2 2 0 0 0 2/4 16:35 1:23 0:00
Dustin Jeffrey 0 2 2 2 0 2 1 0 0 2 1/2 13:53 0:00 3:00
Dylan Olsen 0 1 1 1 0 2 3 0 0 0 0/0 20:26 1:00 4:15
Emerson Etem 0 0 0 2 0 1 2 0 1 0 0/0 12:08 0:00 0:00
Jean-Gabriel Pageau 1 1 2 1 2 2 0 0 0 1 10/29 21:07 1:33 3:34
Joel Armia 0 0 0 2 0 0 0 0 0 0 0/0 11:02 0:00 0:00
Mika Zibanejad 0 1 1 2 0 4 1 0 0 0 4/8 15:29 0:00 2:09
Mike Hoffman 0 0 0 0 0 2 1 0 0 0 0/0 10:29 0:00 0:09
Nathan Beaulieu 0 0 0 2 2 0 1 1 1 0 0/0 25:36 1:56 3:41
Reid McNeill 0 0 0 2 0 1 1 0 0 0 0/0 13:31 0:00 0:00
Roman Wick 0 1 1 0 0 1 0 0 1 0 0/0 11:50 1:33 0:00
Tomas Tatar 2 0 2 2 0 6 1 0 0 0 0/0 15:01 1:23 1:11
Victor Bartley 0 1 1 1 2 2 2 1 0 0 0/0 18:37 1:00 0:00
3 Stars
1 - Jeremy Duchesne (BEA)
2 - Brandon Pirri (BEA)
3 - Tomas Tatar (BEA)
Power Play
Inferno - 0 on 4 Attempt(s) - 0,00%
Harfangs - 2 on 3 Attempt(s) - 66,67%
Penalty Kill
Inferno - 1 on 3 Attempt(s) - 33,33%
- Score 0 goal in Penalty Kill
Harfangs - 4 on 4 Attempt(s) - 100,00%
- Score 0 goal in Penalty Kill
Team Stat
Inferno - Hits : 32 - Faceoff Wins : 30 - Blocked Shots : 7 - Penalty Minutes : 6
Harfangs - Hits : 19 - Faceoff Wins : 26 - Blocked Shots : 4 - Penalty Minutes : 8
Official
Referees : Leggo Mike and Jackson Dave
Linesman : Mike Cvik and Greg Devorski
Game Notes
Kyle Palmieri is injured at 17:53 of 2nd period (Groin)
Finance
Level 1 -- Attendance: 1391 (69,55%) -- Ticket Income 41 730 $
Level 2 -- Attendance: 742 (74,20%) -- Ticket Income 11 130 $
Total Attendance: 2133 (71,10%)
Total Ticket Income: 52 860 $
Other Income: 2 643 $
Total Income: 55 503 $
Inferno
5 vs 5 Forward
Center Left Wing Right Wing Time % Phy DF OF
1 Mikhail Grabovski Stephane Veilleux Vladimir Zharkov 40 1 2 2
2 Vladimir Sobotka David Ullstrom Kyle Palmieri 30 1 2 2
3 Cal O'Reilly Matt Kassian Beau Bennett 20 1 2 2
4 Anders Lee Matthew Nieto Christian Folin 10 1 2 2
5 vs 5 Defense
Defense Defense Time % Phy DF OF
1 Sami Vatanen Brendan Mikkelson 40 1 2 2
2 Colby Robak Derek Peltier 30 1 2 2
3 Simon Danis-Pepin Zach Redmond 20 1 2 2
4 Colby Robak Brendan Mikkelson 10 1 2 2
PowerPlay Forward
Center Left Wing Right Wing Time % Phy DF OF
1 Mikhail Grabovski Stephane Veilleux Vladimir Zharkov 60 1 2 2
2 Vladimir Sobotka David Ullstrom Kyle Palmieri 40 1 2 2
PowerPlay Defense
Defense Defense Time % Phy DF OF
1 Sami Vatanen Brendan Mikkelson 60 1 2 2
2 Colby Robak Derek Peltier 40 1 2 2
Penalty Kill 4 Players Forward
Center Wing Time % Phy DF OF
1 Mikhail Grabovski Stephane Veilleux 60 1 2 2
2 Vladimir Sobotka Vladimir Zharkov 40 1 2 2
Penalty Kill 4 Players Defense
Defense Defense Time % Phy DF OF
1 Simon Danis-Pepin Brendan Mikkelson 60 1 2 2
2 Colby Robak Derek Peltier 40 1 2 2
Penalty Kill - 3 Players Forward
Forward Time % Phy DF OF
1 Mikhail Grabovski 60 1 2 2
2 Stephane Veilleux 40 1 2 2
Penalty Kill - 3 Players Defense
Defense Defense Time % Phy DF OF
1 Simon Danis-Pepin Brendan Mikkelson 60 1 2 2
2 Colby Robak Derek Peltier 40 1 2 2
4 vs 4 Forward
Center Wing Time % Phy DF OF
1 Mikhail Grabovski Stephane Veilleux 60 1 2 2
2 Vladimir Sobotka Vladimir Zharkov 40 1 2 2
4 vs 4 Defense
Defense Defense Time % Phy DF OF
1 Sami Vatanen Brendan Mikkelson 60 1 2 2
2 Colby Robak Derek Peltier 40 1 2 2
Last Minutes Offensive
Center Left Wing Right Wing Defense Defense
Mikhail Grabovski Stephane Veilleux Vladimir Zharkov Sami Vatanen Brendan Mikkelson
Last Minutes Defensive
Center Left Wing Right Wing Defense Defense
Mikhail Grabovski Stephane Veilleux Vladimir Zharkov Colby Robak Brendan Mikkelson
Goaltenders
Starting : Josh Harding
Backup : Christopher Gibson
Extra Forwards
Normal : Vladimir Sobotka, Kyle Palmieri, Cal O'Reilly - PP : Vladimir Sobotka, Kyle Palmieri - PK : Vladimir Sobotka
Extra Defensemen
Normal : Colby Robak, Derek Peltier, Simon Danis-Pepin - PP : Colby Robak - PK : Colby Robak, Derek Peltier
Penalty Shots
Mikhail Grabovski, Vladimir Sobotka, Kyle Palmieri, Vladimir Zharkov, Anders Lee
Harfangs
5 vs 5 Forward
Center Left Wing Right Wing Time % Phy DF OF
1 Jean-Gabriel Pageau Alex Killorn Dennis Everberg 40 1 2 2
2 Mika Zibanejad Tomas Tatar Emerson Etem 30 1 2 2
3 Brandon Pirri Dustin Jeffrey Joel Armia 20 1 2 2
4 Calle Jarnkrok Mike Hoffman Roman Wick 10 1 2 2
5 vs 5 Defense
Defense Defense Time % Phy DF OF
1 Brian Lashoff Nathan Beaulieu 40 1 2 2
2 Dylan Olsen Victor Bartley 30 1 2 2
3 Reid McNeill Brenden Kichton 20 1 2 2
4 Nathan Beaulieu Victor Bartley 10 1 2 2
PowerPlay Forward
Center Left Wing Right Wing Time % Phy DF OF
1 Jean-Gabriel Pageau Alex Killorn Roman Wick 60 1 2 2
2 Brandon Pirri Tomas Tatar Dennis Everberg 40 1 2 2
PowerPlay Defense
Defense Defense Time % Phy DF OF
1 Brian Lashoff Nathan Beaulieu 60 1 2 2
2 Dylan Olsen Victor Bartley 40 1 2 2
Penalty Kill 4 Players Forward
Center Wing Time % Phy DF OF
1 Jean-Gabriel Pageau Alex Killorn 60 1 2 2
2 Mika Zibanejad Dustin Jeffrey 40 1 2 2
Penalty Kill 4 Players Defense
Defense Defense Time % Phy DF OF
1 Brian Lashoff Nathan Beaulieu 60 1 2 2
2 Brenden Kichton Dylan Olsen 40 1 2 2
Penalty Kill - 3 Players Forward
Forward Time % Phy DF OF
1 Jean-Gabriel Pageau 60 1 2 2
2 Mika Zibanejad 40 1 2 2
Penalty Kill - 3 Players Defense
Defense Defense Time % Phy DF OF
1 Brian Lashoff Nathan Beaulieu 60 1 2 2
2 Brenden Kichton Dylan Olsen 40 1 2 2
4 vs 4 Forward
Center Wing Time % Phy DF OF
1 Jean-Gabriel Pageau Alex Killorn 60 1 2 2
2 Brandon Pirri Tomas Tatar 40 1 2 2
4 vs 4 Defense
Defense Defense Time % Phy DF OF
1 Brian Lashoff Nathan Beaulieu 60 1 2 2
2 Dylan Olsen Victor Bartley 40 1 2 2
Last Minutes Offensive
Center Left Wing Right Wing Defense Defense
Jean-Gabriel Pageau Alex Killorn Roman Wick Brian Lashoff Nathan Beaulieu
Last Minutes Defensive
Center Left Wing Right Wing Defense Defense
Jean-Gabriel Pageau Alex Killorn Roman Wick Brian Lashoff Nathan Beaulieu
Goaltenders
Starting : Jeremy Duchesne
Backup : Mark Visentin
Extra Forwards
Normal : Alex Killorn, Tomas Tatar, Jean-Gabriel Pageau - PP : Brandon Pirri, Mika Zibanejad - PK : Dustin Jeffrey
Extra Defensemen
Normal : Brian Lashoff, Nathan Beaulieu, Dylan Olsen - PP : Nathan Beaulieu - PK : Brian Lashoff, Dylan Olsen
Penalty Shots
Tomas Tatar, Dustin Jeffrey, Alex Killorn, Brandon Pirri, Mika Zibanejad
% Time on Ice - Inferno
Lines # - Real PCT - Wanted PCT - Time Play
Normal Forward
1 - 33% - 40% - 16:02
2 - 27% - 30% - 13:17
3 - 20% - 20% - 9:44
4 - 21% - 10% - 10:05
Normal Defense
1 - 39% - 40% - 19:13
2 - 33% - 30% - 16:06
3 - 23% - 20% - 11:28
4 - 5% - 10% - 2:21
PP Forward
1 - 56% - 60% - 4:28
2 - 44% - 40% - 3:28
PP Defense
1 - 61% - 60% - 4:52
2 - 39% - 40% - 3:04
PK Forward
1 - 94% - 60% - 2:45
2 - 6% - 40% - 0:11
PK Defense
1 - 77% - 60% - 2:15
2 - 23% - 40% - 0:41
PK3 Forward
1 - 0% - 60%
2 - 0% - 40%
PK3 Defense
1 - 0% - 60%
2 - 0% - 40%
44 Forward
1 - 0% - 60%
2 - 0% - 40%
44 Defense
1 - 0% - 60%
2 - 0% - 40%
Last Minute Offensive - 0:00
Last Minute Defensive - 0:00
Total
Forward - 60:00
Defense - 60:00
|
% Time on Ice - Harfangs
Lines # - Real PCT - Wanted PCT - Time Play
Normal Forward
1 - 32% - 40% - 15:53
2 - 25% - 30% - 12:05
3 - 22% - 20% - 10:53
4 - 21% - 10% - 10:17
Normal Defense
1 - 36% - 40% - 17:55
2 - 32% - 30% - 15:37
3 - 28% - 20% - 13:31
4 - 4% - 10% - 2:05
PP Forward
1 - 53% - 60% - 1:33
2 - 47% - 40% - 1:23
PP Defense
1 - 66% - 60% - 1:56
2 - 34% - 40% - 1:00
PK Forward
1 - 76% - 60% - 6:02
2 - 24% - 40% - 1:54
PK Defense
1 - 71% - 60% - 5:40
2 - 29% - 40% - 2:16
PK3 Forward
1 - 0% - 60%
2 - 0% - 40%
PK3 Defense
1 - 0% - 60%
2 - 0% - 40%
44 Forward
1 - 0% - 60%
2 - 0% - 40%
44 Defense
1 - 0% - 60%
2 - 0% - 40%
Last Minute Offensive - 0:00
Last Minute Defensive - 0:00
Total
Forward - 60:00
Defense - 60:00
|
Play by Play
1st period
0:01 of 1st period - Mikhail Grabovski wins face-off versus Jean-Gabriel Pageau in neutral zone.
0:08 of 1st period - Wrist shot by Stephane Veilleux.
0:08 of 1st period - Stopped by Jeremy Duchesne without a rebound.
0:09 of 1st period - Mikhail Grabovski wins face-off versus Jean-Gabriel Pageau in Harfangs zone.
0:57 of 1st period - Wrist shot by Stephane Veilleux.
0:57 of 1st period - Shot Misses the Net.
0:59 of 1st period - Slapshot by Brendan Mikkelson.
0:59 of 1st period - Stopped by Jeremy Duchesne with a rebound.
1:21 of 1st period - Snap shot by Alex Killorn.
1:21 of 1st period - Shot Misses the Net.
1:27 of 1st period - Alex Killorn is hit by Brendan Mikkelson and loses puck.
1:40 of 1st period - Snap shot by Stephane Veilleux.
1:40 of 1st period - Shot Misses the Net.
1:56 of 1st period - Snap shot by Stephane Veilleux.
1:56 of 1st period - Deflect By Vladimir Zharkov.
1:56 of 1st period - Shot Misses the Net.
1:56 of 1st period - Puck is out of play.
1:57 of 1st period - Mika Zibanejad wins face-off versus David Ullstrom in Harfangs zone.
2:10 of 1st period - Backhand shot by Victor Bartley.
2:10 of 1st period - Shot Blocked by Derek Peltier.
2:12 of 1st period - Slapshot by Dylan Olsen.
2:12 of 1st period - Stopped by Josh Harding without a rebound.
2:13 of 1st period - Cal O'Reilly wins face-off versus Brandon Pirri in Inferno zone.
2:20 of 1st period - Wrist shot by Beau Bennett.
2:20 of 1st period - Shot Misses the Net.
2:22 of 1st period - Slapshot by Simon Danis-Pepin.
2:22 of 1st period - Stopped by Jeremy Duchesne without a rebound.
2:23 of 1st period - Brandon Pirri wins face-off versus Cal O'Reilly in Harfangs zone.
2:52 of 1st period - Brenden Kichton is hit by Cal O'Reilly and loses puck.
3:24 of 1st period - Backhand shot by Cal O'Reilly.
3:24 of 1st period - Shot Misses the Net.
3:26 of 1st period - Slapshot by Simon Danis-Pepin.
3:26 of 1st period - Deflect By Beau Bennett.
3:26 of 1st period - Stopped by Jeremy Duchesne with a rebound.
3:28 of 1st period - Snap shot by Zach Redmond.
3:28 of 1st period - Shot Blocked by Brenden Kichton.
3:30 of 1st period - Slapshot by Simon Danis-Pepin.
3:30 of 1st period - Shot Misses the Net.
3:40 of 1st period - Wrist shot by Beau Bennett.
3:40 of 1st period - Stopped by Jeremy Duchesne with a rebound.
4:08 of 1st period - Wrist shot by Beau Bennett.
4:08 of 1st period - Deflect By Cal O'Reilly.
4:08 of 1st period - Stopped by Jeremy Duchesne without a rebound.
4:09 of 1st period - Mika Zibanejad wins face-off versus Vladimir Sobotka in Harfangs zone.
4:38 of 1st period - Snap shot by Christian Folin.
4:38 of 1st period - Stopped by Jeremy Duchesne with a rebound.
4:40 of 1st period - Wrist shot by Christian Folin.
4:40 of 1st period - Shot Misses the Net.
6:04 of 1st period - Icing by Dylan Olsen.
6:05 of 1st period - Vladimir Sobotka wins face-off versus Calle Jarnkrok in Harfangs zone.
6:18 of 1st period - Wrist shot by Kyle Palmieri.
6:18 of 1st period - Shot Misses the Net.
8:37 of 1st period - Dennis Everberg is hit by Zach Redmond and loses puck.
10:07 of 1st period - Mika Zibanejad is hit by Matt Kassian and loses puck.
10:33 of 1st period - Roman Wick is hit by Vladimir Sobotka and loses puck.
11:16 of 1st period - Jean-Gabriel Pageau is hit by Derek Peltier.
11:42 of 1st period - Victor Bartley is hit by Colby Robak and loses puck.
12:22 of 1st period - Mika Zibanejad is hit by Brendan Mikkelson and loses puck.
12:40 of 1st period - Alex Killorn is hit by Christian Folin and loses puck.
12:59 of 1st period - Colby Robak is hit by Victor Bartley and loses puck.
13:16 of 1st period - Roman Wick is hit by Mikhail Grabovski and loses puck.
14:00 of 1st period - Snap shot by Mike Hoffman.
14:00 of 1st period - Shot Hit the Post.
14:02 of 1st period - Wrist shot by Brenden Kichton.
14:02 of 1st period - Stopped by Josh Harding with a rebound.
14:04 of 1st period - Snap shot by Calle Jarnkrok.
14:04 of 1st period - Shot Misses the Net.
14:06 of 1st period - Wrist shot by Calle Jarnkrok.
14:06 of 1st period - Stopped by Josh Harding with a rebound.
14:12 of 1st period - Snap shot by Roman Wick.
14:12 of 1st period - Shot Blocked by Matthew Nieto.
14:14 of 1st period - Slapshot by Brenden Kichton.
14:14 of 1st period - Stopped by Josh Harding without a rebound.
14:15 of 1st period - Vladimir Sobotka wins face-off versus Mika Zibanejad in Inferno zone.
14:17 of 1st period - Minor Penalty to Kyle Palmieri for Holding.
14:18 of 1st period - Dennis Everberg wins face-off versus Mikhail Grabovski in Inferno zone.
14:20 of 1st period - Wrist shot by Brandon Pirri.
14:20 of 1st period - Stopped by Josh Harding with a rebound.
14:29 of 1st period - Off-side.
14:30 of 1st period - Brandon Pirri wins face-off versus Mikhail Grabovski in neutral zone.
14:33 of 1st period - Wrist shot by Brandon Pirri.
14:33 of 1st period - Deflect By Tomas Tatar.
14:33 of 1st period - Shot Misses the Net.
14:33 of 1st period - Puck is out of play.
14:34 of 1st period - Brandon Pirri wins face-off versus Mikhail Grabovski in Inferno zone.
14:45 of 1st period - Snap shot by Tomas Tatar.
14:45 of 1st period - Stopped by Josh Harding without a rebound.
14:46 of 1st period - Jean-Gabriel Pageau wins face-off versus Stephane Veilleux in Inferno zone.
14:59 of 1st period - Snap shot by Roman Wick.
14:59 of 1st period - Shot Blocked by Brendan Mikkelson.
15:01 of 1st period - Wrist shot by Brian Lashoff.
15:01 of 1st period - Goal by Brian Lashoff - Inferno : 0 - Harfangs : 1.
15:02 of 1st period - Vladimir Sobotka wins face-off versus Jean-Gabriel Pageau in neutral zone.
15:27 of 1st period - Stephane Veilleux is hit by Dustin Jeffrey and loses puck.
15:52 of 1st period - Snap shot by Emerson Etem.
15:52 of 1st period - Stopped by Josh Harding with a rebound.
16:00 of 1st period - Backhand shot by Beau Bennett.
16:00 of 1st period - Stopped by Jeremy Duchesne without a rebound.
16:01 of 1st period - Vladimir Sobotka wins face-off versus Jean-Gabriel Pageau in Harfangs zone.
16:16 of 1st period - Wrist shot by Kyle Palmieri.
16:16 of 1st period - Stopped by Jeremy Duchesne without a rebound.
16:17 of 1st period - Mika Zibanejad wins face-off versus Mikhail Grabovski in Harfangs zone.
17:09 of 1st period - Wrist shot by Dustin Jeffrey.
17:09 of 1st period - Stopped by Josh Harding with a rebound.
17:21 of 1st period - Victor Bartley is hit by Matthew Nieto and loses puck.
17:26 of 1st period - Backhand shot by Christian Folin.
17:26 of 1st period - Stopped by Jeremy Duchesne with a rebound.
17:28 of 1st period - Slapshot by Simon Danis-Pepin.
17:28 of 1st period - Stopped by Jeremy Duchesne with a rebound.
17:30 of 1st period - Slapshot by Simon Danis-Pepin.
17:30 of 1st period - Stopped by Jeremy Duchesne with a rebound.
17:42 of 1st period - Snap shot by Tomas Tatar.
17:42 of 1st period - Goal by Tomas Tatar - Inferno : 0 - Harfangs : 2.
17:43 of 1st period - Jean-Gabriel Pageau wins face-off versus Mikhail Grabovski in neutral zone.
18:08 of 1st period - Brendan Mikkelson is hit by Mika Zibanejad and loses puck.
18:21 of 1st period - Snap shot by Mika Zibanejad.
18:21 of 1st period - Stopped by Josh Harding with a rebound.
19:02 of 1st period - Slapshot by Brendan Mikkelson.
19:02 of 1st period - Shot Misses the Net.
Goals for this period are 0 for Inferno vs 2 for Harfangs.
Shots for this period are 12 for Inferno vs 11 for Harfangs.
2nd period
0:01 of 2nd period - Mikhail Grabovski wins face-off versus Jean-Gabriel Pageau in neutral zone.
0:04 of 2nd period - Alex Killorn is hit by Stephane Veilleux and loses puck.
0:10 of 2nd period - Icing by Nathan Beaulieu.
0:11 of 2nd period - Jean-Gabriel Pageau wins face-off versus Mikhail Grabovski in Harfangs zone.
0:11 of 2nd period - Jean-Gabriel Pageau is hit by Vladimir Zharkov.
0:17 of 2nd period - Slapshot by Jean-Gabriel Pageau.
0:17 of 2nd period - Shot Blocked by Stephane Veilleux.
0:23 of 2nd period - Slapshot by Jean-Gabriel Pageau.
0:23 of 2nd period - Shot Misses the Net.
0:25 of 2nd period - Slapshot by Brian Lashoff.
0:25 of 2nd period - Shot Misses the Net.
0:27 of 2nd period - Backhand shot by Dennis Everberg.
0:27 of 2nd period - Stopped by Josh Harding without a rebound.
0:28 of 2nd period - Vladimir Sobotka wins face-off versus Mika Zibanejad in Inferno zone.
0:55 of 2nd period - Icing by Dennis Everberg.
0:56 of 2nd period - Mikhail Grabovski wins face-off versus Dennis Everberg in Harfangs zone.
0:57 of 2nd period - Wrist shot by Stephane Veilleux.
0:57 of 2nd period - Stopped by Jeremy Duchesne without a rebound.
0:58 of 2nd period - Mikhail Grabovski wins face-off versus Jean-Gabriel Pageau in Harfangs zone.
1:23 of 2nd period - Victor Bartley is hit by Cal O'Reilly and loses puck.
1:58 of 2nd period - Snap shot by Vladimir Sobotka.
1:58 of 2nd period - Shot Blocked by Victor Bartley.
2:18 of 2nd period - Snap shot by Mika Zibanejad.
2:18 of 2nd period - Stopped by Josh Harding without a rebound.
2:19 of 2nd period - Brandon Pirri wins face-off versus Mikhail Grabovski in Inferno zone.
2:32 of 2nd period - Backhand shot by Stephane Veilleux.
2:32 of 2nd period - Stopped by Jeremy Duchesne without a rebound.
2:33 of 2nd period - Vladimir Sobotka wins face-off versus Jean-Gabriel Pageau in Harfangs zone.
2:46 of 2nd period - Snap shot by Alex Killorn.
2:46 of 2nd period - Shot Misses the Net.
2:48 of 2nd period - Snap shot by Dennis Everberg.
2:48 of 2nd period - Shot Misses the Net.
2:58 of 2nd period - Stephane Veilleux is hit by Tomas Tatar and loses puck.
3:07 of 2nd period - Backhand shot by Tomas Tatar.
3:07 of 2nd period - Stopped by Josh Harding without a rebound.
3:08 of 2nd period - Vladimir Sobotka wins face-off versus Jean-Gabriel Pageau in Inferno zone.
3:14 of 2nd period - Snap shot by Alex Killorn.
3:14 of 2nd period - Stopped by Josh Harding without a rebound.
3:15 of 2nd period - Vladimir Sobotka wins face-off versus Jean-Gabriel Pageau in Inferno zone.
3:32 of 2nd period - Alex Killorn is hit by Colby Robak and loses puck.
3:39 of 2nd period - Wrist shot by David Ullstrom.
3:39 of 2nd period - Stopped by Jeremy Duchesne with a rebound.
3:47 of 2nd period - Wrist shot by Vladimir Sobotka.
3:47 of 2nd period - Shot Blocked by Alex Killorn.
3:49 of 2nd period - Slapshot by Kyle Palmieri.
3:49 of 2nd period - Stopped by Jeremy Duchesne without a rebound.
3:50 of 2nd period - Mika Zibanejad wins face-off versus Mikhail Grabovski in Harfangs zone.
3:50 of 2nd period - Mika Zibanejad is hit by Stephane Veilleux.
4:18 of 2nd period - Snap shot by Beau Bennett.
4:18 of 2nd period - Stopped by Jeremy Duchesne with a rebound.
4:20 of 2nd period - Wrist shot by Matt Kassian.
4:20 of 2nd period - Shot Misses the Net.
4:22 of 2nd period - Wrist shot by Matt Kassian.
4:22 of 2nd period - Stopped by Jeremy Duchesne without a rebound.
4:23 of 2nd period - Cal O'Reilly wins face-off versus Dennis Everberg in Harfangs zone.
4:49 of 2nd period - Vladimir Zharkov is hit by Emerson Etem and loses puck.
5:51 of 2nd period - Wrist shot by Anders Lee.
5:51 of 2nd period - Stopped by Jeremy Duchesne with a rebound.
6:21 of 2nd period - Snap shot by Tomas Tatar.
6:21 of 2nd period - Goal by Tomas Tatar - Inferno : 0 - Harfangs : 3.
6:22 of 2nd period - Jean-Gabriel Pageau wins face-off versus Mikhail Grabovski in neutral zone.
6:31 of 2nd period - Minor Penalty to Jean-Gabriel Pageau for Hooking.
6:32 of 2nd period - Dustin Jeffrey wins face-off versus Mikhail Grabovski in Harfangs zone.
6:45 of 2nd period - Snap shot by Vladimir Zharkov.
6:45 of 2nd period - Stopped by Jeremy Duchesne with a rebound.
6:47 of 2nd period - Slapshot by Stephane Veilleux.
6:47 of 2nd period - Deflect By Vladimir Zharkov.
6:47 of 2nd period - Shot Blocked by Nathan Beaulieu.
6:47 of 2nd period - Puck is out of play.
6:48 of 2nd period - Mikhail Grabovski wins face-off versus Dustin Jeffrey in Harfangs zone.
6:57 of 2nd period - Wrist shot by Stephane Veilleux.
6:57 of 2nd period - Shot Misses the Net.
6:59 of 2nd period - Snap shot by Brendan Mikkelson.
6:59 of 2nd period - Shot Misses the Net.
7:36 of 2nd period - Tomas Tatar is hit by Mikhail Grabovski and loses puck.
8:31 of 2nd period - Penalty to Jean-Gabriel Pageau is over, Jean-Gabriel Pageau is back on ice.
9:03 of 2nd period - Snap shot by Christian Folin.
9:03 of 2nd period - Deflect By Matthew Nieto.
9:03 of 2nd period - Stopped by Jeremy Duchesne with a rebound.
9:44 of 2nd period - Derek Peltier is hit by Dennis Everberg and loses puck.
10:33 of 2nd period - Calle Jarnkrok is hit by Colby Robak and loses puck.
10:46 of 2nd period - Mike Hoffman is hit by Anders Lee and loses puck.
10:51 of 2nd period - Slapshot by Matthew Nieto.
10:51 of 2nd period - Stopped by Jeremy Duchesne without a rebound.
10:52 of 2nd period - Christian Folin wins face-off versus Brandon Pirri in Harfangs zone.
11:30 of 2nd period - Wrist shot by Mika Zibanejad.
11:30 of 2nd period - Stopped by Josh Harding with a rebound.
11:46 of 2nd period - Wrist shot by Jean-Gabriel Pageau.
11:46 of 2nd period - Shot Misses the Net.
11:48 of 2nd period - Wrist shot by Alex Killorn.
11:48 of 2nd period - Stopped by Josh Harding with a rebound.
11:50 of 2nd period - Wrist shot by Jean-Gabriel Pageau.
11:50 of 2nd period - Shot Misses the Net.
12:00 of 2nd period - Slapshot by Brendan Mikkelson.
12:00 of 2nd period - Stopped by Jeremy Duchesne with a rebound.
12:02 of 2nd period - Snap shot by David Ullstrom.
12:02 of 2nd period - Deflect By Kyle Palmieri.
12:02 of 2nd period - Stopped by Jeremy Duchesne without a rebound.
12:03 of 2nd period - Calle Jarnkrok wins face-off versus Vladimir Sobotka in Harfangs zone.
12:34 of 2nd period - Backhand shot by Simon Danis-Pepin.
12:34 of 2nd period - Deflect By Brenden Kichton.
12:34 of 2nd period - Stopped by Jeremy Duchesne without a rebound.
12:35 of 2nd period - Mikhail Grabovski wins face-off versus Mika Zibanejad in Harfangs zone.
12:36 of 2nd period - Snap shot by Stephane Veilleux.
12:36 of 2nd period - Stopped by Jeremy Duchesne with a rebound.
14:16 of 2nd period - Wrist shot by Mika Zibanejad.
14:16 of 2nd period - Deflect By Emerson Etem.
14:16 of 2nd period - Shot Blocked by Derek Peltier.
14:16 of 2nd period - Puck is out of play.
14:17 of 2nd period - Dennis Everberg wins face-off versus Cal O'Reilly in Inferno zone.
14:26 of 2nd period - Jean-Gabriel Pageau is hit by Cal O'Reilly and loses puck.
15:19 of 2nd period - Dustin Jeffrey is hit by Kyle Palmieri and loses puck.
16:09 of 2nd period - Stephane Veilleux is hit by Brandon Pirri and loses puck.
16:21 of 2nd period - Snap shot by Brandon Pirri.
16:21 of 2nd period - Shot Misses the Net.
16:23 of 2nd period - Wrist shot by Brian Lashoff.
16:23 of 2nd period - Stopped by Josh Harding without a rebound.
16:24 of 2nd period - Vladimir Sobotka wins face-off versus Jean-Gabriel Pageau in Inferno zone.
16:29 of 2nd period - Sami Vatanen is hit by Dylan Olsen and loses puck.
16:50 of 2nd period - Emerson Etem is hit by Matt Kassian and loses puck.
17:15 of 2nd period - Derek Peltier is hit by Mike Hoffman and loses puck.
17:52 of 2nd period - Kyle Palmieri is hit by Emerson Etem and loses puck.
17:53 of 2nd period - Kyle Palmieri from Inferno is injured at 17:53 of 2nd period (Groin).
17:54 of 2nd period - Jean-Gabriel Pageau wins face-off versus Mikhail Grabovski in Inferno zone.
18:33 of 2nd period - Snap shot by Tomas Tatar.
18:33 of 2nd period - Stopped by Josh Harding with a rebound.
18:45 of 2nd period - Colby Robak is hit by Brandon Pirri and loses puck.
18:50 of 2nd period - Wrist shot by Brandon Pirri.
18:50 of 2nd period - Goal by Brandon Pirri - Inferno : 0 - Harfangs : 4.
18:51 of 2nd period - Alex Killorn wins face-off versus Mikhail Grabovski in neutral zone.
19:06 of 2nd period - Minor Penalty to Nathan Beaulieu for Hooking.
19:07 of 2nd period - Mikhail Grabovski wins face-off versus Jean-Gabriel Pageau in Harfangs zone.
19:09 of 2nd period - Snap shot by Stephane Veilleux.
19:09 of 2nd period - Stopped by Jeremy Duchesne with a rebound.
19:39 of 2nd period - Dylan Olsen is hit by Derek Peltier and loses puck.
Goals for this period are 0 for Inferno vs 2 for Harfangs.
Shots for this period are 15 for Inferno vs 10 for Harfangs.
3rd period
0:01 of 3rd period - Jean-Gabriel Pageau wins face-off versus Mikhail Grabovski in neutral zone.
0:12 of 3rd period - Snap shot by Alex Killorn.
0:12 of 3rd period - Stopped by Josh Harding without a rebound.
0:13 of 3rd period - Mikhail Grabovski wins face-off versus Jean-Gabriel Pageau in Inferno zone.
1:06 of 3rd period - Penalty to Nathan Beaulieu is over, Nathan Beaulieu is back on ice.
1:10 of 3rd period - Icing by Vladimir Zharkov.
1:11 of 3rd period - Mikhail Grabovski wins face-off versus Calle Jarnkrok in Inferno zone.
1:48 of 3rd period - Minor Penalty to Victor Bartley for Hooking.
1:49 of 3rd period - Mikhail Grabovski wins face-off versus Jean-Gabriel Pageau in Harfangs zone.
1:55 of 3rd period - Wrist shot by Vladimir Zharkov.
1:55 of 3rd period - Stopped by Jeremy Duchesne without a rebound.
1:56 of 3rd period - Jean-Gabriel Pageau wins face-off versus Mikhail Grabovski in Harfangs zone.
2:09 of 3rd period - Snap shot by Mikhail Grabovski.
2:09 of 3rd period - Stopped by Jeremy Duchesne with a rebound.
2:33 of 3rd period - Slapshot by Brian Lashoff.
2:33 of 3rd period - Deflect By Mika Zibanejad.
2:33 of 3rd period - Stopped by Josh Harding without a rebound.
2:34 of 3rd period - Jean-Gabriel Pageau wins face-off versus Mikhail Grabovski in Inferno zone.
2:35 of 3rd period - Snap shot by Alex Killorn.
2:35 of 3rd period - Stopped by Josh Harding with a rebound.
3:33 of 3rd period - Dustin Jeffrey is hit by David Ullstrom and loses puck.
3:48 of 3rd period - Penalty to Victor Bartley is over, Victor Bartley is back on ice.
4:27 of 3rd period - Calle Jarnkrok is hit by Cal O'Reilly and loses puck.
4:38 of 3rd period - Brian Lashoff is hit by Stephane Veilleux and loses puck.
5:08 of 3rd period - Snap shot by Tomas Tatar.
5:08 of 3rd period - Stopped by Josh Harding with a rebound.
6:26 of 3rd period - Tomas Tatar is hit by Anders Lee and loses puck.
6:39 of 3rd period - Wrist shot by Roman Wick.
6:39 of 3rd period - Shot Blocked by Zach Redmond.
6:41 of 3rd period - Slapshot by Reid McNeill.
6:41 of 3rd period - Stopped by Josh Harding without a rebound.
6:42 of 3rd period - Calle Jarnkrok wins face-off versus Vladimir Sobotka in Inferno zone.
6:43 of 3rd period - Snap shot by Mike Hoffman.
6:43 of 3rd period - Stopped by Josh Harding with a rebound.
7:15 of 3rd period - Colby Robak is hit by Dylan Olsen and loses puck.
7:34 of 3rd period - Derek Peltier is hit by Brian Lashoff and loses puck.
7:43 of 3rd period - Brian Lashoff is hit by Sami Vatanen and loses puck.
8:18 of 3rd period - Jean-Gabriel Pageau is hit by Vladimir Zharkov and loses puck.
8:57 of 3rd period - Mika Zibanejad is hit by Simon Danis-Pepin and loses puck.
9:06 of 3rd period - Snap shot by Anders Lee.
9:06 of 3rd period - Stopped by Jeremy Duchesne with a rebound.
9:50 of 3rd period - Colby Robak is hit by Brandon Pirri and loses puck.
9:55 of 3rd period - Wrist shot by Dustin Jeffrey.
9:55 of 3rd period - Stopped by Josh Harding with a rebound.
9:59 of 3rd period - Slapshot by Brandon Pirri.
9:59 of 3rd period - Goal by Brandon Pirri - Inferno : 0 - Harfangs : 5.
10:00 of 3rd period - Mikhail Grabovski wins face-off versus Jean-Gabriel Pageau in neutral zone.
10:00 of 3rd period - Vladimir Zharkov is hit by Dennis Everberg and loses puck.
10:25 of 3rd period - Mika Zibanejad is hit by Vladimir Sobotka and loses puck.
11:02 of 3rd period - Minor Penalty to Christian Folin for Tripping.
11:03 of 3rd period - Jean-Gabriel Pageau wins face-off versus Mikhail Grabovski in Inferno zone.
11:33 of 3rd period - Mikhail Grabovski is hit by Victor Bartley and loses puck.
13:02 of 3rd period - Penalty to Christian Folin is over, Christian Folin is back on ice.
13:14 of 3rd period - Slapshot by Dustin Jeffrey.
13:14 of 3rd period - Shot Misses the Net.
13:16 of 3rd period - Slapshot by Dylan Olsen.
13:16 of 3rd period - Deflect By Christian Folin.
13:16 of 3rd period - Stopped by Josh Harding without a rebound.
13:17 of 3rd period - Cal O'Reilly wins face-off versus Mika Zibanejad in Inferno zone.
13:17 of 3rd period - Cal O'Reilly is hit by Nathan Beaulieu.
14:07 of 3rd period - Icing by Joel Armia.
14:08 of 3rd period - Calle Jarnkrok wins face-off versus Anders Lee in Harfangs zone.
14:39 of 3rd period - Wrist shot by Alex Killorn.
14:39 of 3rd period - Shot Misses the Net.
14:41 of 3rd period - Wrist shot by Dennis Everberg.
14:41 of 3rd period - Goal by Dennis Everberg - Inferno : 0 - Harfangs : 6.
14:42 of 3rd period - Mikhail Grabovski wins face-off versus Jean-Gabriel Pageau in neutral zone.
14:49 of 3rd period - Slapshot by Colby Robak.
14:49 of 3rd period - Stopped by Jeremy Duchesne without a rebound.
14:50 of 3rd period - Mikhail Grabovski wins face-off versus Jean-Gabriel Pageau in Harfangs zone.
14:59 of 3rd period - Slapshot by Mikhail Grabovski.
14:59 of 3rd period - Shot Misses the Net.
15:01 of 3rd period - Minor Penalty to Dennis Everberg for Roughing.
15:02 of 3rd period - Mikhail Grabovski wins face-off versus Jean-Gabriel Pageau in Harfangs zone.
17:01 of 3rd period - Penalty to Dennis Everberg is over, Dennis Everberg is back on ice.
17:11 of 3rd period - Wrist shot by Calle Jarnkrok.
17:11 of 3rd period - Shot Misses the Net.
17:13 of 3rd period - Wrist shot by Roman Wick.
17:13 of 3rd period - Deflect By Mike Hoffman.
17:13 of 3rd period - Stopped by Josh Harding without a rebound.
17:14 of 3rd period - Calle Jarnkrok wins face-off versus Cal O'Reilly in Inferno zone.
17:23 of 3rd period - Backhand shot by Roman Wick.
17:23 of 3rd period - Stopped by Josh Harding with a rebound.
17:25 of 3rd period - Slapshot by Victor Bartley.
17:25 of 3rd period - Stopped by Josh Harding with a rebound.
17:27 of 3rd period - Snap shot by Calle Jarnkrok.
17:27 of 3rd period - Shot Misses the Net.
17:29 of 3rd period - Slapshot by Victor Bartley.
17:29 of 3rd period - Stopped by Josh Harding with a rebound.
17:45 of 3rd period - Slapshot by Vladimir Zharkov.
17:45 of 3rd period - Stopped by Jeremy Duchesne with a rebound.
18:06 of 3rd period - Minor Penalty to Matthew Nieto for Roughing.
18:07 of 3rd period - Jean-Gabriel Pageau wins face-off versus Mikhail Grabovski in Inferno zone.
18:17 of 3rd period - Snap shot by Jean-Gabriel Pageau.
18:17 of 3rd period - Shot Misses the Net.
18:19 of 3rd period - Wrist shot by Jean-Gabriel Pageau.
18:19 of 3rd period - Goal by Jean-Gabriel Pageau - Inferno : 0 - Harfangs : 7.
18:20 of 3rd period - Mikhail Grabovski wins face-off versus Jean-Gabriel Pageau in neutral zone.
18:45 of 3rd period - Tomas Tatar is hit by Cal O'Reilly and loses puck.
18:54 of 3rd period - Slapshot by Tomas Tatar.
18:54 of 3rd period - Deflect By Sami Vatanen.
18:54 of 3rd period - Shot Blocked by Sami Vatanen.
18:54 of 3rd period - Puck is out of play.
18:55 of 3rd period - Vladimir Sobotka wins face-off versus Jean-Gabriel Pageau in Inferno zone.
18:55 of 3rd period - Cal O'Reilly is hit by Dylan Olsen and loses puck.
19:06 of 3rd period - Slapshot by Vladimir Sobotka.
19:06 of 3rd period - Deflect By David Ullstrom.
19:06 of 3rd period - Stopped by Jeremy Duchesne with a rebound.
19:08 of 3rd period - Slapshot by David Ullstrom.
19:08 of 3rd period - Shot Misses the Net.
19:25 of 3rd period - Slapshot by Jean-Gabriel Pageau.
19:25 of 3rd period - Stopped by Josh Harding with a rebound.
19:43 of 3rd period - Brendan Mikkelson is hit by Reid McNeill and loses puck.
Goals for this period are 0 for Inferno vs 3 for Harfangs.
Shots for this period are 6 for Inferno vs 16 for Harfangs.
Back to the Top